Map: Catalyst LE

Players

dalejuego - Winner!

  • Race: Terran Terran
  • Spawn Location: 11:00

IagoAbreu

  • Race: Terran Terran
  • Spawn Location: 5:00

VOD

Have the link to the VOD?

Description

Time

  • Played on: Feb. 21, 2018, 11:27 a.m.
  • Length: 8:44
Show
View Real Time Build Order
Export as new Build Order

dalejuego Terran - Winner!

Build Orders: Reaper Expand 

Get SALT Encoding   

  12  0:05  SCV  
  13  0:17  SCV  
  14  0:22  Supply Depot  
  14  0:29  SCV  
  14  0:33  Refinery  
  15  0:43  SCV  
  15  0:47  Barracks  
  16  0:55  SCV  
  17  1:07  SCV  
  18  1:20  SCV  
  19  1:35  Reaper  
  19  1:36  Orbital Command  
  20  1:49  Command Center  
  20  2:00  Factory  
  20  2:03  SCV  
  21  2:15  SCV  
  21  2:17  Supply Depot  
  22  2:23  Refinery  
  22  2:28  SCV  
  23  2:31  Barracks Reactor  
  23  2:37  Barracks  
  23  2:40  SCV  
  24  2:52  Widow Mine  
  26  3:15  Marine x2  
  26  3:16  Widow Mine  
  26  3:18  Orbital Command  
  30  3:27  SCV  
  31  3:40  SCV  
  32  3:48  Marine x2  
  32  3:50  Factory Tech Lab  
  32  3:51  SCV  
  32  3:52  SCV  
  35  4:09  SCV x2  
  37  4:12  Barracks Tech Lab  
  37  4:13  Siege Tank  
  40  4:20  Supply Depot  
  40  4:21  SCV x2  
  40  4:23  Marine x2  
  43  4:33  SCV  
  43  4:37  SCV  
  45  4:42  Supply Depot  
  45  4:44  Starport  
  45  4:45  SCV, Siege Tank  
  49  4:49  SCV  
  49  4:51  Refinery  
  50  4:57  SCV  
  51  5:09  Marine x3  
  54  5:16  SCV x2  
  56  5:27  Marine  
  58  5:28  SCV x2  
  58  5:31  Engineering Bay  
  58  5:32  Barracks, Siege Tank  
  58  5:34  Barracks, Supply Depot  
  58  5:35  Stimpack  
  62  5:55  Marine x3, Medivac  
  62  5:56  SCV x2  
  69  6:13  Marine  
  69  6:14  Marine  
  69  6:16  Supply Depot x2  
  70  6:37  Marine x2, SCV, Siege Tank  
  70  6:38  SCV  
  70  6:39  Starport Reactor  
  77  6:42  Supply Depot  
  77  6:43  Supply Depot  
  77  6:44  Terran Infantry Weapons Level 1  
  77  6:49  SCV  
  77  6:50  SCV  
  79  7:02  SCV  
  80  7:13  Marine x3  
  80  7:14  Siege Tank  
  86  7:39  Marine x2  
  88  7:50  Marine  
  89  7:56  Medivac, Viking  
  89  7:57  Marine  
  93  8:19  Marine x3  
Show
View Real Time Build Order
Export as new Build Order

IagoAbreu Terran 

Build Orders: Reaper Expand 

Get SALT Encoding   

  12  0:10  SCV  
  13  0:19  Supply Depot  
  13  0:22  SCV  
  14  0:35  SCV, Supply Depot  
  15  0:48  Barracks  
  15  0:51  SCV  
  16  1:03  Engineering Bay  
  16  1:05  SCV  
  17  1:13  Refinery  
  17  1:18  Refinery  
  17  1:27  SCV  
  18  1:39  SCV  
  19  1:51  SCV  
  20  2:01  Barracks Reactor  
  20  2:21  Barracks Reactor  
  20  2:24  Bunker  
  20  2:25  Terran Infantry Weapons Level 1  
  20  2:27  Command Center  
  20  2:30  Orbital Command  
  15  3:11  Reaper x2  
  13  3:43  Reaper x2  
  14  3:59  SCV  
  15  4:11  SCV  
  16  4:18  Reaper x2  
  16  4:23  SCV  
  19  4:26  Barracks  
  17  4:35  SCV  
  17  4:37  Orbital Command  
  18  4:47  SCV  
  18  4:59  SCV  
  19  5:05  Reaper  
  19  5:06  Reaper  
  20  5:11  SCV  
  21  5:20  SCV  
  21  5:23  SCV  
  22  5:33  SCV  
  23  5:35  SCV  
  24  5:45  SCV  
  24  5:47  Factory  
  25  5:50  Refinery  
  25  5:53  Refinery  
  26  5:57  SCV  
  26  6:09  SCV  
  23  6:21  SCV  
  22  6:33  SCV  
  22  6:37  Starport  
  21  6:42  Starport  
  21  6:44  Armory  
  21  6:48  Starport  
  21  6:52  Armory  
  21  6:54  SCV  
  21  6:59  Liberator  
  21  7:06  SCV  
  21  7:22  Liberator  
Tags
 
Add a new tag
Caveats
  • Supply blocks, unpowered buildings, or Contaminate may cause inaccurate times.
  • Supply counts are checked every 10 seconds.